 Dungeon Crawl Stone Soup version 0.29.1-15-g9cfb28693d (webtiles) character file.

Game seed: 12562188658839409747

24927 Labrat the Destroyer (level 13, -17/114 HPs)
             Began as a Meteoran Earth Elementalist on Sept 6, 2023.
             Was a High Priest of Vehumet.
             Demolished by a skeletal warrior
             ... wielding a +0 glaive
              (26 damage)
             ... on level 14 of the Dungeon.
             The game lasted 01:05:38 (4820 turns).

Labrat the Destroyer (Meteoran Earth Elementalist)  Turns: 4820, Time: 01:05:39

Health: -17/114    AC: 11    Str:  9    XL:     13   Next: 82%
Magic:  3/39       EV: 14    Int: 22    God:    Vehumet [*****.]
Gold:   497        SH:  6    Dex: 16    Spells: 15/36 levels left

rFire   . . .      SeeInvis .   D - +2 rapier (protect)
rCold   . . .      Faith    .   C - +0 buckler
rNeg    . . .      Spirit   .   S - +0 troll leather armour
rPois   .          Reflect  .   (no helmet)
rElec   .          Harm     .   s - +0 cloak
rCorr   .          Rampage  .   A - +0 pair of gloves
Will    +....                   (no boots)
Stlth   +.........              g - amulet of magic regeneration
HPRegen 1.09/turn               j - +4 ring of protection
MPRegen 0.66/turn               E - ring of magical power

@: about to teleport, glowing
A: sense surroundings 2, otherworldly, glowing, explore regen
a: Renounce Religion


You were on level 14 of the Dungeon.
You worshipped Vehumet.
Vehumet was extremely pleased with you.
You visited 2 branches of the dungeon, and saw 15 of its levels.
You also visited: Sewer.

You collected 522 gold pieces.
You spent 25 gold pieces at shops.

Inventory:

Hand Weapons
 D - a +2 rapier of protection (weapon)
Missiles
 f - 8 curare-tipped darts
Armour
 s - a +0 cloak (worn)
 A - a +0 pair of gloves (worn)
 C - a +0 buckler (worn)
 S - a +0 troll leather armour (worn)
 T - +0 fire dragon scales
Jewellery
 d - a ring of willpower
 e - a +6 ring of intelligence
 g - an amulet of magic regeneration (around neck)
 j - a +4 ring of protection (left hand)
 r - a ring of wizardry
 E - a ring of magical power (right hand)
 O - a ring of resist corrosion
 Q - a ring of see invisible
Wands
 n - a wand of flame (9)
 F - a wand of paralysis (2)
 K - a wand of iceblast (5)
 N - a wand of mindburst (14)
 P - a wand of polymorph (5)
Scrolls
 a - a scroll of identify
 c - 3 scrolls of magic mapping {unknown}
 h - 2 scrolls of fear {unknown}
 i - 2 scrolls of noise {unknown}
 o - a scroll of poison {unknown}
 p - 2 scrolls of butterflies
 u - 3 scrolls of vulnerability {unknown}
 v - 3 scrolls of enchant armour {unknown}
 y - 2 scrolls of teleportation
 z - a scroll of summoning {unknown}
 B - 5 scrolls of immolation
 H - a scroll of acquirement {unknown}
Potions
 k - 2 potions of might {unknown}
 l - 5 potions of curing
 m - 2 potions of mutation {unknown}
 q - 3 potions of attraction {unknown}
 t - 4 potions of heal wounds
 w - 3 potions of brilliance {unknown}
 x - 4 potions of flight
 G - a potion of invisibility {unknown}
 I - a potion of lignification {unknown}
 J - a potion of berserk rage {unknown}
 L - 2 potions of ambrosia {unknown}
 M - a potion of cancellation {unknown}


   Skills:
 + Level 10.3 Fighting
 + Level 6.7 Armour
 - Level 6.0 Dodging
 - Level 1.4 Stealth
 - Level 6.0 Shields
 - Level 12.0 Spellcasting
 - Level 12.0 Conjurations
 - Level 4.0 Transmutations
 - Level 12.0 Earth Magic
 - Level 5.0 Evocations


You had 15 spell levels left.
You knew the following spells:

 Your Spells              Type           Power      Damage    Failure   Level
a - Sandblast             Erth           100%       2d20      1%          1
b - Passwall              Tmut/Erth      40%        N/A       1%          2
c - Stone Arrow           Conj/Erth      100%       3d13      1%          3
d - Iskenderun's Battles  Conj           60%        2d11      1%          5
e - Iron Shot             Conj/Erth      30%        9d6       2%          6
f - Hailstorm             Conj/Ice       39%        3d9       1%          4

Your spell library contained the following spells:

 Spells                   Type           Power      Damage    Failure   Level
 Eringya's Noxious Bog    Tmut/Pois      11%        N/A       77%         6
 Petrify                  Tmut/Erth      48%        N/A       3%          4
 Lightning Bolt           Conj/Air       19%        1d34      5%          5
 Airstrike                Air            6%         2d(1-17)  21%         4
 Summon Lightning Spire   Summ/Air       13%        N/A       63%         4
 Spellforged Servitor     Conj/Summ      19%        N/A       78%         7


Dungeon Overview and Level Annotations

Branches:
Dungeon (14/15) Zot: 3775  Temple (1/1) D:6 Zot: 558    Lair (0/5) D:10
    Orc (0/2) D:12         Vaults (0/5) D:13          Sewer (visited)

Altars:
Ashenzari
Cheibriados
Dithmenos
Elyvilon
Fedhas
Gozag
Hepliaklqana
Kikubaaqudgha
Makhleb
Nemelex Xobeh
Okawaru
Qazlal
Ru
Sif Muna
Trog
Uskayaw
Vehumet
Wu Jian
Xom
Yredelemnul
Zin
The Shining One

Shops:
D:4 *   D:7 *[[

Annotations:
D:4 Edmund


Innate Abilities, Weirdness & Mutations

You passively map the area around you.
You are easily found by Zot.
You glow in the dark.
You regain HP and MP as you explore.


Message History

The skeletal warrior is severely damaged.
Your battlesphere fires!
The barrage of energy hits the skeletal warrior but does no damage.
The skeletal warrior is severely damaged.
Your battlesphere expends the last of its energy and dissipates.
You block the skeletal warrior's attack.
The skeletal warrior hits you from afar with a +0 glaive!
Casting: Iron Shot (dangerous; 2% risk of failure)
Confirm with . or Enter, or press ? or * to list all spells.
Aiming: Iron Shot (dangerous; 2% risk of failure)
Press: ? - help, Shift-Dir - straight line, f/p - skeletal warrior
Aim: a skeletal warrior, wielding a +0 long sword (heavily damaged, 74% to hit)
The iron shot hits the skeletal warrior!!
You destroy the skeletal warrior!
Vehumet accepts your kill.
You feel your power returning.
The skeletal warrior hits you with a +3 dire flail!!
* * * LOW HITPOINT WARNING * * *
The skeletal warrior barely misses you.
Casting: Iron Shot (dangerous; 2% risk of failure)
Confirm with . or Enter, or press ? or * to list all spells.
Aiming: Iron Shot (dangerous; 2% risk of failure)
Press: ? - help, Shift-Dir - straight line, f - skeletal warrior
Aim: a skeletal warrior, wielding a +3 dire flail (magical condensation, lightly damaged, 74% to hit)
The iron shot hits the skeletal warrior!!
The skeletal warrior is heavily damaged.
The skeletal warrior hits you with a +3 dire flail!
* * * LOW HITPOINT WARNING * * *
The skeletal warrior hits you from afar with a +0 glaive.
* * * LOW HITPOINT WARNING * * *
As you read the scroll of teleportation, it crumbles to dust.
You feel strangely unstable.
The skeletal warrior closely misses you. x2
The skeletal warrior hits you from afar with a +0 glaive.
* * * LOW HITPOINT WARNING * * *
You feel much better.
The skeletal warrior hits you with a +3 dire flail!!
* * * LOW HITPOINT WARNING * * *
The skeletal warrior hits you from afar with a +0 glaive!!
You die...

~,~ ,, > ,, * , ,
, , ,~* , ....,,,
, , , , ...., , *
,..... * ,, ...* ,
#.#### ,, ,
**#....# , .
##)z@# , ..
#..z##### ,
,...##.z).##.## ,
,,...<..#)###).##
,, ......).#.....#
,, ,
.....?[......##
.........bb..#* *
, ................
* *
......b...##.....,


You could see 3 skeletal warriors.

Vanquished Creatures
  Roxanne (D:14)
  An ice dragon (D:11)
  2 boulder beetles
  3 hydras
  2 centaur warriors
  5 two-headed ogres
  2 skeletal warriors (D:14)
  A deep elf pyromancer (D:14)
  A lindwurm (D:13)
  A necromancer (D:13)
  A cyclops (D:12)
  A manticore (D:11)
  3 gargoyles
  2 unseen horrors
  4 kobold demonologists
  7 trolls
  2 wraiths
  A yak (shapeshifter) (D:13)
  A yak (D:10)
  2 shadows (D:12)
  4 wyverns
  Eustachio (D:5)
  4 vampire mosquitoes (D:12)
  2 steam dragons (D:6)
  2 acid dragons
  4 water moccasins
  9 orc warriors
  A black bear (shapeshifter) (D:13)
  3 black bears
  4 ogres
  13 centaurs
  4 kobold brigands
  2 phantoms
  Blork the orc (D:5)
  3 bullfrogs
  6 scorpions
  A gnoll sergeant (D:6)
  10 wights
  17 killer bees
  3 troll zombies (D:12)
  2 howler monkeys
  3 jellies
  A gnoll bouda (D:8)
  5 orc priests
  4 hounds
  3 iguanas
  A merfolk siren (Sewer)
  2 orc wizards
  A merfolk avatar (Sewer)
  4 ogre zombies (D:12)
  8 gnolls
  12 adders
  2 river rats (Sewer)
  A shadow imp (D:6)
  2 white imps
  2 ufetubi (D:5)
  A worm (D:2)
  3 dart slugs
  25 orcs
  3 endoplasms
  4 giant cockroaches
  6 goblins
  3 hobgoblins
  2 jackals (D:4)
  19 kobolds
  4 quokkas
  11 ball pythons
  6 bats
  4 frilled lizards (Sewer)
  4 goblin zombies (D:12)
  A hobgoblin skeleton (D:12)
  2 hobgoblin zombies (D:12)
  3 orc skeletons (D:12)
  15 orc zombies (D:12)
  26 rats
332 creatures vanquished.

Vanquished Creatures (others)
  26 fungi (D:10)
  30 plants
56 creatures vanquished.

Grand Total: 388 creatures vanquished

Notes
Turn   | Place    | Note
-------+----------+-------------------------------------------
     0 | D:1      | Labrat the Meteoran Earth Elementalist began the quest for
                  | the Orb.
     0 | D:1      | Reached XP level 1. HP: 14/14 MP: 5/5
   112 | D:2      | Reached XP level 2. HP: 20/20 MP: 4/6
   146 | D:2      | Reached XP level 3. HP: 24/26 MP: 6/8
   248 | D:1      | Learned a level 2 spell: Passwall
   480 | D:4      | Reached XP level 4. HP: 32/33 MP: 7/10
   502 | D:4      | Noticed Edmund
   913 | D:2      | Found a shimmering altar of Xom.
   931 | D:2      | Found a faded altar of an unknown god.
   935 | D:2      | Reached XP level 5. HP: 38/38 MP: 9/11
  1112 | D:4      | Found Egeilaf's CLEARANCE SALE!.
  1118 | D:4      | Reached skill level 5 in Spellcasting
  1118 | D:4      | Reached skill level 5 in Earth Magic
  1118 | D:4      | Reached XP level 6. HP: 15/45 MP: 11/14
  1122 | D:4      | Learned a level 3 spell: Stone Arrow
  1128 | D:4      | Bought a potion of heal wounds for 25 gold pieces
  1183 | D:5      | Entered Level 5 of the Dungeon
  1189 | D:5      | Reached skill level 1 in Fighting
  1235 | D:5      | Found a stormy altar of Qazlal.
  1235 | D:5      | Found a bloodstained altar of Trog.
  1237 | D:5      | Found a shimmering altar of Xom.
  1238 | D:5      | Found a hazy altar of Hepliaklqana.
  1239 | D:5      | Found an ancient bone altar of Kikubaaqudgha.
  1265 | D:5      | Noticed Eustachio
  1265 | D:5      | Noticed an orc warrior
  1265 | D:5      | Noticed Blork the orc
  1265 | D:5      | Noticed an orc warrior
  1475 | D:4      | Reached XP level 7. HP: 44/59 MP: 13/15
  1551 | D:5      | Found a glowing drain.
  1560 | Sewer    | Entered a sewer
  1623 | Sewer    | Reached skill level 5 in Fighting
  1635 | Sewer    | Reached skill level 1 in Conjurations
  1865 | D:5      | Reached XP level 8. HP: 33/68 MP: 7/16
  1896 | D:5      | Reached skill level 5 in Conjurations
  1964 | D:6      | Found a staircase to the Ecumenical Temple.
  1971 | Temple   | Entered the Ecumenical Temple
  1997 | Temple   | Became a worshipper of Vehumet
  2075 | D:6      | Gained mutation: You passively map the area around you.
                  | [Meteoran growth]
  2075 | D:6      | Reached XP level 9. HP: 71/74 MP: 14/18
  2100 | D:6      | Reached skill level 1 in Armour
  2279 | D:5      | Killed Eustachio
  2280 | D:5      | Reached skill level 5 in Dodging
  2285 | D:5      | Reached skill level 5 in Armour
  2285 | D:5      | Reached skill level 1 in Shields
  2294 | D:5      | Killed Blork the orc
  2352 | D:6      | Reached * piety under Vehumet
  2352 | D:6      | Offered knowledge of Freeze by Vehumet.
  2376 | D:7      | Found Meagiuje's Antique Armour Emporium.
  2451 | D:6      | Reached skill level 5 in Shields
  2499 | D:7      | Reached XP level 10. HP: 81/81 MP: 20/20
  2508 | D:7      | Found Tisaebi's Assorted Antiques.
  2564 | D:8      | Noticed a two-headed ogre
  2570 | D:8      | Killed a two-headed ogre
  2651 | D:7      | Found Woitin's Armour Boutique.
  2739 | D:8      | Noticed a two-headed ogre
  2743 | D:8      | Killed a two-headed ogre
  2744 | D:8      | Offered knowledge of Searing Ray by Vehumet.
  2824 | D:9      | Noticed a two-headed ogre
  2828 | D:9      | Noticed a gargoyle
  2831 | D:9      | Killed a two-headed ogre
  2832 | D:9      | Reached XP level 11. HP: 51/92 MP: 20/24
  2833 | D:9      | Reached ** piety under Vehumet
  3120 | D:8      | Offered knowledge of Scorch by Vehumet.
  3344 | D:9      | Reached *** piety under Vehumet
  3407 | D:10     | Entered Level 10 of the Dungeon
  3486 | D:10     | Found a shimmering blue altar of Sif Muna.
  3548 | D:10     | Learned a level 5 spell: Iskenderun's Battlesphere
  3570 | D:11     | Noticed a boulder beetle
  3570 | D:11     | Noticed a centaur warrior
  3586 | D:11     | Learned a level 6 spell: Iron Shot
  3710 | D:10     | Reached skill level 10 in Fighting
  3789 | D:10     | Offered knowledge of Ignite Poison by Vehumet.
  3849 | D:11     | Noticed a seven-headed hydra
  3856 | D:11     | Killed a seven-headed hydra
  3885 | D:12     | Noticed a boulder beetle
  3891 | D:12     | Killed a boulder beetle
  3892 | D:12     | Reached XP level 12. HP: 56/106 MP: 16/25
  3911 | D:11     | Noticed an ice dragon
  4034 | D:11     | Killed a boulder beetle
  4040 | D:11     | Noticed an eight-headed hydra
  4057 | D:11     | Killed an eight-headed hydra
  4071 | D:11     | Reached **** piety under Vehumet
  4078 | D:11     | Noticed a centaur warrior
  4117 | D:10     | Noticed a two-headed ogre
  4121 | D:10     | Killed a two-headed ogre
  4122 | D:10     | Reached skill level 10 in Spellcasting
  4122 | D:10     | Reached skill level 10 in Conjurations
  4122 | D:10     | Reached skill level 10 in Earth Magic
  4122 | D:10     | Reached skill level 1 in Evocations
  4130 | D:10     | Found a staircase to the Lair.
  4150 | D:10     | Offered knowledge of Hailstorm by Vehumet.
  4161 | D:10     | Learned a level 4 spell: Hailstorm
  4281 | D:11     | Reached skill level 5 in Evocations
  4320 | D:11     | Killed a centaur warrior
  4329 | D:11     | Reached XP level 13. HP: 99/113 MP: 18/28
  4395 | D:11     | Killed an ice dragon
  4520 | D:12     | Reached ***** piety under Vehumet
  4526 | D:12     | Offered knowledge of Eringya's Noxious Bog by Vehumet.
  4576 | D:12     | Found a staircase to the Orcish Mines.
  4701 | D:13     | Noticed a two-headed ogre
  4707 | D:13     | Killed a two-headed ogre
  4721 | D:13     | Found a gate to the Vaults.
  4749 | D:14     | Noticed Roxanne
  4749 | D:14     | Noticed a six-headed hydra
  4751 | D:14     | Killed a six-headed hydra
  4772 | D:14     | Killed Roxanne
  4773 | D:14     | Noticed a centaur warrior
  4775 | D:14     | Noticed a catoblepas
  4794 | D:14     | Noticed a centaur warrior
  4804 | D:14     | Killed a centaur warrior
  4820 | D:14     | Demolished by a skeletal warrior

Illustrated notes

Levels and vault maps discovered:
D:1:      mainiacjoe_arrival_reflecting_pool, layout_loops_ring,
          minmay_crystal_room
D:2:      layout_loops_corners, shapermc_ecumenical_altar_venn, basic_altar
D:3:      layout_basic, guppyfry_early_lair_pool, uniq_crazy_yiuf_cottage,
          uniq_grinder
D:4:      minmay_chambers_of_fours, layout_loops_ring, nicolae_shop_clearance,
          uniq_edmund, uniq_ijyb
D:5:      layout_cave_pools, minitemple, portal_sewer_entry_b, sword_in_stone
D:6:      layout_basic, minmay_temple_entry_stoned_glass,
          kennysheep_generic_room_13
D:7:      layout_basic, serial_shops, shop_statue, shop, nicolae_shop_stone,
          shop
D:8:      layout_cave_pools
D:9:      layout_long_grid, special_room [special_room_orc]
D:10:     layout_stronghold, led_sif_pool, due_lair_maze_entry_diamond,
          minmay_misc_feat_roman
D:11:     layout_loops_ring, serial_rivers, chequers_serial_rivers_marsh,
          chequers_serial_rivers_small_a, chequers_serial_rivers_small_3,
          chequers_serial_rivers_large_b, minmay_bent
D:12:     layout_roguey, zombieorc2_lemuel
D:13:     layout_loops_ring, david_vaults_4, uniq_sonja
D:14:     layout_cave_pools, nicolae_uskayaw_suspiria, uniq_roxanne
Temple:   lightli_temple_of_artemis

Skill      XL: |  1  2  3  4  5  6  7  8  9 10 11 12 13 |
---------------+----------------------------------------+-----
Spellcasting   | 3 5 6 8 10 12 | 12.0
Transmutations | 2 3 4 |  4.0
Earth Magic    | 4 5 6 8 10 12 | 12.0
Fighting       | 4 5 7 10 | 10.3
Conjurations   | 4 5 6 8 10 12 | 12.0
Armour         | 5 6 |  6.7
Dodging        | 5 6 |  6.0
Shields        | 5 6 |  6.0
Evocations     | 5 |  5.0
Stealth        | |  1.4

Action                   |  1- 3 |  4- 6 |  7- 9 | 10-12 | 13-15 || total
-------------------------+-------+-------+-------+-------+-------++-------
Melee: Unarmed           |     2 |       |     1 |       |       ||     3
       Rapier            |       |       |       |    71 |    29 ||   100
Throw: Dart              |       |       |     3 |     2 |       ||     5
 Cast: Sandblast         |    35 |    58 |    93 |    13 |     7 ||   206
       Passwall          |     3 |     5 |     4 |    24 |       ||    36
       Stone Arrow       |       |       |    62 |   208 |    41 ||   311
       Iskenderun's Batt |       |       |       |     6 |     7 ||    13
       Iron Shot         |       |       |       |    14 |    40 ||    54
       Hailstorm         |       |       |       |       |     8 ||     8
Evoke: Wand              |       |       |     3 |     1 |     9 ||    13
  Use: Potion            |       |       |     1 |       |     2 ||     3
       Scroll            |       |       |       |     6 |     3 ||     9
Armor: Robe              |     6 |    15 |    29 |   118 |       ||   168
       Troll leather arm |       |       |       |       |    19 ||    19
Dodge: Dodged            |    11 |    25 |    60 |   162 |    28 ||   286
Block: Buckler           |       |       |     2 |    76 |    19 ||    97
